 Dungeon Crawl Stone Soup version 0.25-a0-290-g4a1327ee3a (webtiles) character file.

Game seed: 6137075369428165461, levelgen mode: deterministic

23056 Faustar the Impaler (level 13, -3/104 HPs)
             Began as a Merfolk Gladiator on Dec 14, 2019.
             Was a High Priest of Qazlal.
             Slain by a six-headed hydra (14 damage)
             ... on level 3 of the Lair of Beasts.
             The game lasted 00:33:34 (16547 turns).

Faustar the Impaler (Merfolk Gladiator)            Turns: 16547, Time: 00:33:34

Health: -3/104     AC: 13    Str: 18    XL:     13   Next: 4%
Magic:  16/18      EV: 21    Int:  8    God:    Qazlal [*****.]
Gold:   823        SH:  7    Dex: 16    Spells: 8/12 levels left

rFire    . . .     SeeInvis +   q - +2 spear (vamp)
rCold    . . .     Gourm    .   (no shield)
rNeg     . . .     Faith    .   I - +0 leather armour {rPois}
rPois    +         Spirit   .   c - +1 helmet
rElec    .         Reflect  .   J - +0 cloak
rCorr    .         Harm     .   U - +2 pair of gloves
MR       .....                  P - +0 pair of boots
Stlth    ..........             (no amulet)
HPRegen  0.27/turn              Q - ring of see invisible
MPRegen  0.16/turn              w - ring of attention

@: confusing touch, about to teleport, protected from physical damage, repel
missiles
A: change form in water, swift swim, stealthy swim
a: Upheaval, Elemental Force, Disaster Area, Renounce Religion


You were on level 3 of the Lair of Beasts.
You worshipped Qazlal.
Qazlal was extremely pleased with you.
You were very hungry.

You visited 2 branches of the dungeon, and saw 14 of its levels.

You collected 823 gold pieces.

Inventory:

Hand Weapons
 a - a +2 trident of piercing
 q - a +2 vampiric spear (weapon)
 K - a +3 bardiche of venom
Missiles
 d - 5 throwing nets (quivered)
Armour
 b - a +0 leather armour
 c - a +1 helmet (worn)
 e - a +0 large shield
 y - a scarf of spirit shield
 H - a +0 chain mail
 I - a +0 leather armour of poison resistance (worn)
 J - a +0 cloak (worn)
 M - a +0 troll leather armour
 P - a +0 pair of boots (worn)
 U - a +2 pair of gloves (worn)
Jewellery
 i - an uncursed ring of fire
 j - an uncursed ring of protection from magic
 o - an uncursed ring of positive energy
 p - an uncursed ring of positive energy
 w - a ring of attention (right hand)
 x - an uncursed ring of resist corrosion
 D - an uncursed ring of ice
 Q - a ring of see invisible (left hand)
 V - a +5 ring of dexterity {unknown}
 X - a cursed ring of teleportation {unknown}
Wands
 n - a wand of polymorph (4)
 s - a wand of disintegration (11)
 v - a wand of paralysis (31)
 E - a wand of digging (9)
 G - a wand of random effects (34)
 Y - a wand of iceblast (7)
Scrolls
 h - 2 scrolls of magic mapping
 l - a scroll of amnesia
 r - 18 scrolls of identify
 u - 5 scrolls of teleportation
 B - 3 scrolls of fog
 C - 6 scrolls of remove curse
 L - a scroll of enchant weapon
 N - 2 scrolls of fear
 O - 2 scrolls of enchant armour
Potions
 g - 5 potions of might
 k - 2 potions of curing
 m - a potion of agility
 t - 2 potions of degeneration {unknown}
 z - 3 potions of heal wounds {unknown}
 A - a potion of haste
 F - a potion of invisibility
 R - a potion of resistance {unknown}
 S - a potion of cancellation {unknown}
 W - a potion of mutation {unknown}
Miscellaneous
 T - a lightning rod (3/4)
Comestibles
 f - 37 rations


   Skills:
 - Level 10.7 Fighting
 - Level 18.4 Polearms
 - Level 2.0 Throwing
 - Level 12.6 Dodging
 - Level 6.9 Hexes
 + Level 7.1 Invocations


You had 8 spell levels left.
You knew the following spells:

 Your Spells              Type           Power        Failure   Level  Hunger
a - Confusing Touch       Hex            ##....       3%          1    ##.....
b - Confuse               Hex            ##......     9%          3    ####...

Your spell library contained the following spells:

 Spells                   Type           Power        Failure   Level  Hunger
 Corona                   Hex            ##.....      3%          1    ##.....
 Tukima's Dance           Hex            ##......     9%          3    ####...
 Ensorcelled Hibernation  Hex/Ice        #.....       19%         2    ###....
 Dazzling Flash           Conj/Hex       #.....       36%         3    ####...
 Animate Skeleton         Necr           N/A          45%         1    ##.....
 Apportation              Tloc           #.....       45%         1    ##.....
 Summon Small Mammal      Summ           #...         45%         1    ##.....
 Silence                  Hex/Air        #.........   98%         5    ######.
 Darkness                 Hex            ##........   99%         6    #######
 Borgnjor's Vile Clutch   Necr/Erth      #.........   100%        5    ######.
 Shadow Creatures         Summ           N/A          100%        6    #######


Dungeon Overview and Level Annotations

Branches:
Dungeon (11/15)            Temple (0/1) D:7            Lair (3/6) D:9
  Snake (0/4) Lair:3          Orc (0/2) D:10
  Swamp: Lair:2-4    Shoals: Lair:2-4

Altars:
Cheibriados
Dithmenos
Elyvilon
Gozag
Hepliaklqana
Nemelex Xobeh
Okawaru
Qazlal
Sif Muna
Trog
Wu Jian
Xom
Yredelemnul
Zin
The Shining One

Annotations:
D:7 Dowan


Message History

You hit the six-headed hydra but do no damage.
The six-headed hydra is heavily wounded.
The komodo dragon bites you!!
You hit the six-headed hydra but do no damage.
The six-headed hydra is heavily wounded.
The six-headed hydra misses you. The six-headed hydra bites you! x3
* * * LOW HITPOINT WARNING * * *
You feel more protected from physical attacks.
The six-headed hydra closely misses you.
You block the six-headed hydra's attack.
You completely miss the six-headed hydra.
The six-headed hydra is heavily wounded.
The komodo dragon bites you.
* * * LOW HITPOINT WARNING * * *
As you read the scroll of teleportation, it crumbles to dust.
You feel strangely unstable. The six-headed hydra bites you!
* * * LOW HITPOINT WARNING * * *
You feel more protected from physical attacks.
The six-headed hydra bites you!
You die...

........##..........#......
....P#..###....#...........
....PP..###................
.............♣....♣♣♣♣.♣.♣♣
..(..P...PP.♣♣♣.♣.♣ ♣♣♣♣♣
...#...#.÷♣.♣♣♣♣♣
..#....#○..≈♣.♣
........##l..≈≈..
......##..○§@○♣≈
##.....#P....D.♣≈
#..............♣≈≈
#..............♣
#.....)....(♣♣♣ ♣
#P.....#...## ♣♣♣ ♣♣♣
##..........###♣♣♣♣♣.♣♣♣♣♣♣♣..
#...........##...P♣...♣.♣.....
#......#.....##..P#...........


You could see a six-headed hydra and a komodo dragon.

Vanquished Creatures
  5 hydras
  2 two-headed ogres
  4 death yaks
  A swamp dragon (shapeshifter) (D:10)
  An oklob plant (Lair:1)
  A black mamba (Lair:3)
  Psyche (D:8)
  Joseph (D:7)
  3 spiny frogs
  3 komodo dragons
  3 trolls (D:9)
  A queen bee (D:10)
  Grinder (D:6)
  A hornet (D:10)
  6 hippogriffs
  A wyvern (D:10)
  2 yaks
  A basilisk (Lair:1)
  2 hungry ghosts
  2 swamp worms (Lair:3)
  Menkaure (D:6)
  3 water moccasins
  Duvessa (D:7)
  6 porcupines
  An ice beast (D:9)
  5 sky beasts
  An orc warrior (D:10)
  3 phantoms
  2 black bears (D:9)
  2 eyes of draining (D:9)
  6 wolves
  7 ogres
  8 crocodiles
  5 centaurs
  Blork the orc (D:6)
  A big kobold (D:9)
  12 bullfrogs
  A water moccasin zombie (D:6)
  A wyvern skeleton (D:10)
  A troll zombie (D:10)
  4 scorpions
  4 wights
  33 killer bees
  2 electric eels (Lair:3)
  3 centaur zombies
  5 crimson imps
  A bullfrog zombie (D:9)
  4 hounds
  A jelly (D:8)
  A bullfrog skeleton (D:7)
  4 orc priests
  Crazy Yiuf (D:7)
  2 centaur skeletons
  7 orc wizards
  2 iguanas (D:10)
  5 worker ants
  5 ogre zombies (D:10)
  A hound zombie (D:7)
  2 hound skeletons
  2 worker ant zombies
  2 howler monkey zombies
  8 adders
  A shadow imp (D:5)
  An ooze (D:2)
  An adder skeleton (D:9)
  4 worms
  A dart slug (D:1)
  4 leopard geckos
  48 orcs
  6 bats
  2 giant cockroaches
  8 goblins
  5 hobgoblins
  6 jackals
  5 quokkas
  4 ball pythons
  8 frilled lizards
  2 goblin skeletons (D:10)
  3 goblin zombies (D:10)
  3 hobgoblin zombies (D:10)
  2 jackal skeletons
  14 kobolds
  A leopard gecko skeleton (D:6)
  2 leopard gecko zombies
  3 orc skeletons (D:10)
  8 orc zombies (D:10)
  2 quokka zombies
  9 rats
  A plant (Lair:1)
363 creatures vanquished.

Vanquished Creatures (others)
  16 fungi
16 creatures vanquished.

Grand Total: 379 creatures vanquished

Notes
Turn   | Place    | Note
-------+----------+-------------------------------------------
     0 | D:1      | Faustar the Merfolk Gladiator began the quest for the Orb.
     0 | D:1      | Reached XP level 1. HP: 16/16 MP: 1/1
    69 | D:1      | Reached skill level 5 in Polearms
   110 | D:1      | Reached XP level 2. HP: 20/22 MP: 2/2
   373 | D:1      | Reached skill level 6 in Polearms
   373 | D:1      | Reached XP level 3. HP: 27/27 MP: 3/3
   981 | D:2      | Found an opulent altar of Gozag.
  1063 | D:2      | Reached XP level 4. HP: 21/33 MP: 4/4
  1172 | D:2      | Reached skill level 7 in Polearms
  1668 | D:3      | Found a stormy altar of Qazlal.
  1841 | D:3      | Found a white marble altar of Elyvilon.
  1946 | D:3      | Became a worshipper of Qazlal Stormbringer
  2007 | D:3      | Found a glowing silver altar of Zin.
  2076 | D:3      | Found a glowing golden altar of the Shining One.
  2117 | D:3      | Reached skill level 8 in Polearms
  2148 | D:3      | Found a bloodstained altar of Trog.
  2172 | D:3      | Found a basalt altar of Yredelemnul.
  2416 | D:3      | Reached XP level 5. HP: 37/38 MP: 5/5
  2524 | D:4      | Found a snail-covered altar of Cheibriados.
  2822 | D:4      | Found a hazy altar of Hepliaklqana.
  3369 | D:4      | Reached skill level 9 in Polearms
  3375 | D:4      | Reached XP level 6. HP: 4/44 MP: 1/6
  4079 | D:5      | Entered Level 5 of the Dungeon
  4251 | D:5      | Reached skill level 10 in Polearms
  4475 | D:5      | Found an ornate altar of the Wu Jian Council.
  4719 | D:5      | Found a shimmering altar of Xom.
  4961 | D:5      | Noticed a phantom
  4993 | D:5      | Killed a phantom
  4993 | D:5      | Reached skill level 11 in Polearms
  4993 | D:5      | Reached XP level 7. HP: 50/50 MP: 7/7
  5223 | D:5      | Reached * piety under Qazlal
  5223 | D:5      | Reached skill level 5 in Fighting
  5316 | D:4      | Reached XP level 8. HP: 25/64 MP: 4/8
  6162 | D:6      | Noticed Grinder
  6162 | D:6      | Noticed Menkaure
  6162 | D:6      | Paralysed by Grinder for 5 turns
  6184 | D:6      | Killed Grinder
  6184 | D:6      | Killed Menkaure
  6575 | D:6      | Reached XP level 9. HP: 76/76 MP: 9/9
  6625 | D:6      | Noticed Blork the orc
  6647 | D:6      | Killed Blork the orc
  6888 | D:7      | Found a shimmering blue altar of Sif Muna.
  6931 | D:7      | Reached skill level 10 in Fighting
  6965 | D:7      | Reached ** piety under Qazlal
  6996 | D:7      | Found a glowing silver altar of Zin.
  7042 | D:7      | Found a staircase to the Ecumenical Temple.
  7086 | D:7      | Noticed Joseph
  7087 | D:7      | Noticed Dowan
  7089 | D:7      | Noticed Duvessa
  7591 | D:7      | Reached skill level 5 in Dodging
  7940 | D:7      | Found a runed translucent door.
  7941 | D:7      | Noticed Crazy Yiuf
  8107 | D:7      | Killed Joseph
  8231 | D:7      | Killed Crazy Yiuf
  8369 | D:7      | Killed Duvessa
  8453 | D:8      | Noticed a two-headed ogre
  8651 | D:8      | Reached XP level 10. HP: 53/86 MP: 10/10
  9008 | D:8      | Noticed Psyche
  9020 | D:8      | Killed Psyche
  9020 | D:8      | Reached skill level 10 in Dodging
  9041 | D:8      | Killed a two-headed ogre
  9139 | D:8      | Found a shadowy altar of Dithmenos.
  9507 | D:8      | Identified 2 scrolls of acquirement
  9774 | D:9      | Reached *** piety under Qazlal
 10024 | D:9      | Reached skill level 12 in Polearms
 10257 | D:9      | Reached skill level 13 in Polearms
 10261 | D:9      | Reached XP level 11. HP: 90/92 MP: 0/11
 10305 | D:9      | Noticed a seven-headed hydra
 10317 | D:9      | Killed a seven-headed hydra
 10317 | D:9      | Reached skill level 14 in Polearms
 10830 | D:9      | Found a staircase to the Lair.
 10840 | D:9      | Found a sparkling altar of Nemelex Xobeh.
 10841 | D:9      | Found an iron altar of Okawaru.
 10864 | D:9      | Reached **** piety under Qazlal
 11338 | D:10     | Entered Level 10 of the Dungeon
 11418 | D:10     | Noticed a swamp dragon
 11426 | D:10     | Paralysed by a hornet for 3 turns
 11427 | D:10     | Reached skill level 15 in Polearms
 11436 | D:10     | Killed a swamp dragon
 11832 | D:10     | Found a staircase to the Orcish Mines.
 11888 | D:10     | Reached skill level 16 in Polearms
 11929 | D:10     | Reached ***** piety under Qazlal
 12001 | D:10     | Noticed a two-headed ogre
 12009 | D:10     | Killed a two-headed ogre
 12009 | D:10     | Reached skill level 17 in Polearms
 12563 | D:11     | Noticed a four-headed hydra
 12642 | D:10     | Killed a four-headed hydra
 12642 | D:10     | Reached XP level 12. HP: 18/99 MP: 12/12
 12958 | D:11     | Noticed a six-headed hydra
 13016 | D:11     | Noticed a death knight
 13018 | D:11     | Killed a six-headed hydra
 13018 | D:11     | Reached skill level 18 in Polearms
 13074 | Lair:1   | Entered Level 1 of the Lair of Beasts
 13128 | Lair:1   | Learned a level 1 spell: Confusing Touch
 13170 | Lair:1   | Reached skill level 1 in Hexes
 13389 | Lair:1   | Noticed a seven-headed hydra
 13402 | Lair:1   | Killed a seven-headed hydra
 14146 | Lair:2   | Reached skill level 5 in Hexes
 14188 | Lair:2   | Noticed a death yak
 14190 | Lair:2   | Noticed a death yak
 14191 | Lair:2   | Noticed a death yak
 14204 | Lair:2   | Noticed a death yak
 14211 | Lair:1   | Killed a death yak
 14808 | Lair:1   | Killed a death yak
 14972 | Lair:2   | Found the cursed +13 scythe of Curses {drain, *Curse}
 15048 | Lair:1   | Killed a death yak
 15143 | Lair:2   | Killed a death yak
 15698 | Lair:3   | Reached skill level 5 in Invocations
 15736 | Lair:3   | Learned a level 3 spell: Confuse
 15932 | Lair:3   | Found a staircase to the Snake Pit.
 16000 | Lair:3   | Noticed an eight-headed hydra
 16006 | Lair:3   | Killed a 12-headed hydra
 16006 | Lair:3   | Reached XP level 13. HP: 74/104 MP: 17/17
 16547 | Lair:3   | Slain by a six-headed hydra

Levels and vault maps discovered:
D:1:      dpeg_arrival_refuge, layout_loops_cross, minivault_27
D:2:      layout_basic, nicolae_gozag_seed_capital
D:3:      layout_loops_cross, lemuel_doored_altar,
          nicolae_overflow_crystal_walls, zin_academy, kennysheep_ying_yang,
          minmay_liquid_box, trog_book
D:4:      layout_basic, kennysheep_mini_moat, lemuel_round_altar,
          skrybe_limestone_x
D:5:      kennysheep_windowed_halls, layout_basic,
          lemuel_coloured_pillars_altar, first_ration, basic_altar,
          roderic_lattice_a, minmay_misc_feat_plants
D:6:      layout_basic, uniq_grinder, uniq_blork_the_orc, uniq_menkaure
D:7:      layout_loops_ring, overflow_temple_1_default,
          minmay_temple_entry_hall, basic_altar, grunt_ogre_cave,
          minmay_misc_feat_doors, uniq_duvessa, uniq_joseph,
          uniq_crazy_yiuf_cottage
D:8:      layout_basic, grunt_dithmenos_smoke, uniq_psyche
D:9:      layout_grid_maze, nemelex_xobeh_ov_fountains_minmay,
          due_lair_maze_entry_diamond, basic_altar, minmay_unpleasant_kobolds
D:10:     layout_roguey [special_room_bee], zombieorc1_lemuel,
          statue_in_the_mist_lemuel, kennysheep_generic_room_5
D:11:     layout_rooms, nicolae_qazlal_style_of_elements, uniq_harold,
          uniq_josephine
Lair:1:   layout_roguey, beast_lair_carwin_9, minmay_lair_oklob_chamber,
          infiniplex_staircase_pool_2, lemuel_fruit_fields, lemuel_fruit_tree
Lair:2:   layout_cave_pods, grunt_megastairs_2, serial_bayou_shore_b
Lair:3:   layout_gridlike, palyth_hydra_swamp_entry, dummy_snake_entry,
          eino_small_chamber_without_monster, serial_bayou_lagoon_b

Skill      XL: |  1  2  3  4  5  6  7  8  9 10 11 12 13 |
---------------+----------------------------------------+-----
Polearms       | 5 6 8 9 11 13 17 18 | 18.4
Fighting       | 6 9 10 | 10.7
Dodging        | 9 12 | 12.6
Hexes          | 6 |  6.9
Invocations    | 6 7 |  7.1
Throwing       | |  2.0

Action                   |  1- 3 |  4- 6 |  7- 9 | 10-12 | 13-15 || total
-------------------------+-------+-------+-------+-------+-------++-------
Melee: Trident           |   110 |   134 |       |    11 |       ||   255
       Spear             |       |    88 |   511 |   150 |    26 ||   775
       Bardiche          |       |       |       |   485 |    20 ||   505
 Cast: Confusing Touch   |       |       |       |     1 |     2 ||     3
       Confuse           |       |       |       |       |     1 ||     1
Evoke: Wand              |       |     3 |     8 |    14 |       ||    25
       Lightning rod     |       |       |       |     2 |       ||     2
  Use: Scroll            |       |     8 |       |    14 |     1 ||    23
       Potion            |       |     1 |       |     4 |       ||     5
 Stab: Sleeping          |     1 |       |       |       |       ||     1
       Confused          |       |       |       |     3 |     5 ||     8
       Invisible         |       |       |       |     9 |       ||     9
  Eat: Chunk             |       |    13 |     5 |    21 |     1 ||    40
       Ration            |       |       |     2 |     2 |       ||     4
Armor: Leather armour    |    12 |    37 |    34 |    61 |     4 ||   148
Dodge: Dodged            |    38 |   118 |   155 |   564 |    30 ||   905
       Deflected         |       |       |       |     4 |       ||     4
Block: Other             |       |       |     9 |   152 |    22 ||   183

Table legend:
 A = Non-vault XP
 B = Vault XP
 C = Vault XP percentage of total XP
 D = Non-vault monster count
 E = Vault monster count
 F = Vault count percentage of total count
                 A         B        C        D         E       F
            +---------+---------+-------+---------+---------+-------
      Total |   23678 |    9260 |  28.1 |     265 |      97 |  26.8
            +---------+---------+-------+---------+---------+-------
        D:1 |      43 |       0 |   0.0 |      27 |       0 |   0.0
        D:2 |      60 |       0 |   0.0 |      16 |       0 |   0.0
        D:3 |      65 |       0 |   0.0 |      24 |       0 |   0.0
        D:4 |     205 |     129 |  38.6 |       8 |       1 |  11.1
        D:5 |     422 |     447 |  51.4 |      11 |       7 |  38.9
        D:6 |     612 |     560 |  47.8 |      23 |       3 |  11.5
        D:7 |     913 |     753 |  45.2 |      23 |       4 |  14.8
        D:8 |    1812 |     469 |  20.6 |      27 |       1 |   3.6
        D:9 |    4009 |    1086 |  21.3 |      41 |      14 |  25.5
       D:10 |    4664 |    2396 |  33.9 |      26 |      53 |  67.1
       D:11 |     998 |       0 |   0.0 |       4 |       0 |   0.0
     Lair:1 |    5254 |    1614 |  23.5 |      12 |       7 |  36.8
     Lair:2 |    2634 |     487 |  15.6 |      10 |       3 |  23.1
     Lair:3 |    1987 |    1319 |  39.9 |      13 |       4 |  23.5
            +---------+---------+-------+---------+---------+-------
